 Dungeon Crawl Stone Soup version 0.22-a0-447-gee5f723 (webtiles) character file.

22 emperorscorpion the Conjurer (level 2, 0/15 HPs)
             Began as a Deep Elf Conjurer on June 3, 2018.
             Slain by a goblin (4 damage)
             ... led by Robin
             ... on level 1 of the Dungeon.
             The game lasted 00:01:28 (1131 turns).

emperorscorpion the Conjurer (Deep Elf Conjurer)    Turns: 1131, Time: 00:01:30

Health: 0/15       AC:  2    Str:  5    XL:     2   Next: 68%
Magic:  6/8        EV: 13    Int: 19    God:
Gold:   47         SH:  0    Dex: 15    Spells: 6/7 levels left

rFire    . . .     SeeInvis .   (no weapon)
rCold    . . .     Gourm    .   (no shield)
rNeg     . . .     Faith    .   a - +0 robe
rPois    .         Spirit   .   (no helmet)
rElec    .         Reflect  .   (no cloak)
rCorr    .         Harm     .   (no gloves)
MR       .....                  (no boots)
Stlth    ++........             (no amulet)
HPRegen  0.05/turn              (no ring)
MPRegen  0.11/turn              (no ring)

@: no status effects
A: no striking features
a: no special abilities


You were on level 1 of the Dungeon.
You were hungry.

You visited 1 branch of the dungeon, and saw 2 of its levels.

You collected 47 gold pieces.

Inventory:

Hand Weapons
 m - a +0 hunting sling
Missiles
 b - 4 poisoned needles
 e - 3 javelins (quivered)
 j - 20 bolts
Armour
 a - a +0 robe (worn)
Jewellery
 h - an uncursed ring of stealth {unknown}
Scrolls
 d - a scroll of fog {unknown}
 f - 2 scrolls of identify {unknown}
 i - 2 scrolls of enchant armour {unknown}
 n - a scroll of teleportation {unknown}
Potions
 k - a potion of mutation {unknown}
 l - a potion of curing {unknown}
Comestibles
 c - 2 rations
 g - 3 chunks of flesh


   Skills:
 + Level 2.5 Dodging
 + Level 2.5 Stealth
 + Level 3.2 Spellcasting
 + Level 5.1 Conjurations


You had 6 spell levels left.
You knew the following spells:

 Your Spells              Type           Power        Failure   Level  Hunger
a - Magic Dart            Conj           ###.         1%          1    None

Your spell library contained the following spells:

 Spells                   Type           Power        Failure   Level  Hunger
 Iskenderun's Mystic Bla  Conj           ###.....     19%         4    ####...
 Fulminant Prism          Conj/Hex       ##........   45%         4    ####...
 Dazzling Spray           Conj/Hex       ##....       16%         3    ###....
 Force Lance              Conj/Tloc      ##......     45%         4    ####...
 Searing Ray              Conj           ###...       2%          2    ##.....


Dungeon Overview and Level Annotations

Branches:
Dungeon (2/15)

Altars:

Annotations:
D:2 Natasha, Robin


Message History

There is a stone staircase leading down here.
There is a stone staircase leading down here.
HP restored.
You climb downwards. 4 goblins, a hobgoblin and Robin come into view.
Robin shouts!
You hear an angry hiss.
The goblin closely misses you. The goblin hits you with a dagger.
Robin roars a battlecry!
The goblins go into a battle-frenzy!
A goblin comes into view. It is wielding a club.
The goblin closely misses you. The goblin hits you with a dagger.
There is a stone staircase leading up here.
The goblin hits you with a dagger.
* * * LOW HITPOINT WARNING * * *
The goblin barely misses you.
You climb upwards.
There is a stone staircase leading down here.
You are feeling hungry.
The goblin hits you.
You die...

♣..♣♣♣♣♣....♣♣♣♣ ♣.......#.##
♣♣♣.....♣♣♣♣♣ ♣♣♣..........
♣♣♣P♣♣♣ ♣♣♣♣........#.## ♣♣♣
♣♣♣.........#.#.##
♣♣♣.........###.#.#.
♣♣♣.......##..# #.#.#.
♣♣♣♣♣♣........###..# #.#.#.
♣♣♣♣♣♣........g...####..###.#.#.
♣♣............#>@..............#.
...........####g#######..###...#.
############ #.# #..# #...#. #
#.# #..# #.#.#. #.# #..# #.#...
#.# #..# #..... ######.###
#..#####... #........#
#........#+
#........######.######..


You could see 2 goblins.

Vanquished Creatures
  2 bats (D:1)
  2 giant cockroaches
  3 goblins
  A hobgoblin (D:2)
  6 jackals (D:1)
  A frilled lizard (D:2)
  A kobold (D:2)
  2 rats (D:1)
18 creatures vanquished.

Notes
Turn   | Place    | Note
-------+----------+-------------------------------------------
     0 | D:1      | emperorscorpion the Deep Elf Conjurer began the quest for the Orb.
     0 | D:1      | Reached XP level 1. HP: 10/10 MP: 6/6
   484 | D:1      | Reached XP level 2. HP: 15/15 MP: 5/8
  1015 | D:1      | Reached skill level 5 in Conjurations
  1128 | D:2      | Noticed Robin
  1129 | D:2      | Noticed Natasha
  1131 | D:1      | Slain by a goblin

Vault maps used:
D:1:      kilobyte_arrival_exit_the_forest
D:2:      uniq_natasha, uniq_robin

Skill      XL: |  1  2 |
---------------+-------+-----
Conjurations   | 5 |  5.1
Dodging        | |  2.5
Stealth        | |  2.5
Spellcasting   | |  3.2

Action                   || total
-------------------------++-------
 Cast: Magic Dart        ||    34
Dodge: Dodged            ||    13

Table legend:
 A = Spawn XP
 B = Non-spawn XP
 C = Spawn XP percentage of total XP
 D = Spawn monster count
 E = Non-spawn monster count
 F = Spawn count percentage of total count
 G = Total turns spent on level
                    A         B        C        D         E        F      G
               +---------+---------+-------+---------+---------+-------+---------
         Total |       0 |      32 |   0.0 |       0 |      18 |   0.0 |  1131
               +---------+---------+-------+---------+---------+-------+---------
           D:1 |       0 |      22 |   0.0 |       0 |      12 |   0.0 |  1101
           D:2 |       0 |      10 |   0.0 |       0 |       6 |   0.0 |    30
               +---------+---------+-------+---------+---------+-------+---------
